 Dungeon Crawl Stone Soup version 0.25.0-15-gac7dcb8919 (webtiles) character file.

Game seed: 3239971175431386936

16295 protoss039 the Eclecticist (level 12, -5/80 HPs)
             Began as a Deep Elf Earth Elementalist on June 29, 2020.
             Was an Elder of Vehumet.
             Slain by a white ugly thing (28 damage)
             ... on level 12 of the Dungeon on June 30, 2020.
             The game lasted 00:53:49 (17416 turns).

protoss039 the Eclecticist (DEEE)                  Turns: 17416, Time: 00:53:50

Health: -5/80      AC: 29    Str:  7    XL:     12   Next: 8%
Magic:  21/43      EV: 13    Int: 28    God:    Vehumet [****..]
Gold:   2485       SH:  0    Dex: 18    Spells: 7/43 levels left

rFire    + . .     SeeInvis .   q - +8 glaive "Icuruoci" {freeze, rF+ Str+2 Int+2 Dex+3}
rCold    . . .     Gourm    .   (shield currently unavailable)
rNeg     + . .     Faith    .   (armour currently unavailable)
rPois    ∞         Spirit   .   B - +2 hat
rElec    +         Reflect  .   j - scarf {repulsion}
rCorr    .         Harm     .   (gloves currently unavailable)
MR       +....                  (boots currently unavailable)
Stlth    ++........             (no amulet)
HPRegen  0.23/turn              H - ring of magical power
MPRegen  0.28/turn              (no ring)

@: statue-form, repel missiles, very slow
A: no striking features
a: End Transformation, Renounce Religion


You were on level 12 of the Dungeon.
You worshipped Vehumet.
Vehumet was greatly pleased with you.
You were hungry.
You were a stone statue.
You visited 2 branches of the dungeon, and saw 13 of its levels.
You also visited: Sewer and Bailey.

You collected 3330 gold pieces.
You spent 845 gold pieces at shops.

Inventory:

Hand Weapons
 q - the +8 glaive "Icuruoci" (weapon) {freeze, rF+ Str+2 Int+2 Dex+3}
   (You took it off a hobgoblin in a bailey)

   It has been specially enchanted to freeze those struck by it, causing extra
   injury to most foes and up to half again as much damage against particularly
   susceptible opponents.
   It can also slow down cold-blooded creatures.
   It affects your strength (+2).
   It affects your intelligence (+2).
   It affects your dexterity (+3).
   It protects you from fire.
 O - a +3 broad axe
Missiles
 b - 193 stones (quivered)
Armour
 h - a +0 kite shield of resistance
 j - a scarf of repulsion (worn)
 A - a +0 pair of gloves (melded)
 B - a +2 hat (worn)
 N - a +0 pair of boots (melded)
 Q - +0 acid dragon scales (melded)
Jewellery
 g - an uncursed ring of protection from magic {unknown}
 l - a cursed amulet of inaccuracy {unknown}
 t - an uncursed amulet of regeneration {unknown}
 D - an uncursed amulet of faith {unknown}
 H - a ring of magical power (left hand)
 L - an uncursed amulet of reflection {unknown}
Wands
 n - a wand of clouds (12)
 w - a wand of polymorph (18)
 M - a wand of iceblast (9)
 P - a wand of acid (6)
 R - a wand of paralysis (18)
Scrolls
 e - 6 scrolls of teleportation
 f - a scroll of identify
 i - 2 scrolls of magic mapping {unknown}
 k - 4 scrolls of amnesia
 p - a scroll of random uselessness {unknown}
 s - a scroll of holy word {unknown}
 u - 4 scrolls of fog
 y - 2 scrolls of immolation {unknown}
 E - 2 scrolls of enchant armour
 G - a scroll of noise {unknown}
 I - 6 scrolls of remove curse
 K - 2 scrolls of enchant weapon {unknown}
 S - a scroll of fear {unknown}
Potions
 a - a potion of might
 m - 2 potions of invisibility
 o - 7 potions of curing
 r - a potion of cancellation
 v - a potion of magic
 x - a potion of resistance
 z - 4 potions of flight
 C - a potion of lignification
 F - 2 potions of berserk rage
 J - a potion of stabbing
Comestibles
 c - 3 chunks of flesh
 d - 24 rations


   Skills:
 * Level 2.3 Fighting
   Level 0.3 Short Blades
 + Level 1.1 Polearms
 - Level 2.4 Dodging
 - Level 2.4 Stealth
 * Level 16.3 Spellcasting
 + Level 4.5 Conjurations
 + Level 2.5 Transmutations
 * Level 14.5 Earth Magic


You had 7 spell levels left.
You knew the following spells:

 Your Spells              Type           Power        Failure   Level  Hunger
a - Sandblast             Erth           ######       0%          1    None
b - Passwall              Tmut/Erth      ######..     1%          2    None
c - Stone Arrow           Conj/Erth      ######       1%          3    None
d - Petrify               Tmut/Erth      ######..     1%          4    None
e - Lee's Rapid Deconstr  Erth           #######...   1%          5    None
f - Statue Form           Tmut/Erth      ######...    10%         6    ###....
g - Iron Shot             Conj/Erth      ######....   1%          6    ###....
h - Shatter               Erth           #######...   77%         9    #######

Your spell library contained the following spells:

 Spells                   Type           Power        Failure   Level  Hunger
 Mephitic Cloud           Conj/Pois/Air  ####....     1%          3    None
 Leda's Liquefaction      Hex/Erth       ######....   1%          4    None
 Bolt of Magma            Conj/Fire/Erth ######....   1%          5    None
 Summon Lightning Spire   Summ/Air       ###.....     22%         4    None
 Conjure Ball Lightning   Conj/Air       #####.....   30%         6    ###....
 Silence                  Hex/Air        ###.......   52%         5    None
 Tornado                  Air            ###.......   100%        9    #######


Dungeon Overview and Level Annotations

Branches:
Dungeon (12/15)            Temple (1/1) D:7            Lair (0/6) D:10
    Orc (0/2) D:9           Sewer (visited)          Bailey (visited)

Altars:
Ashenzari
Cheibriados
Dithmenos
Elyvilon
Fedhas
Gozag
Hepliaklqana
Kikubaaqudgha
Makhleb
Nemelex Xobeh
Okawaru
Qazlal
Ru
Sif Muna
Trog
Uskayaw
Vehumet
Wu Jian
Xom
Yredelemnul
Zin
The Shining One

Shops:
D:11 :

Portals:
Trove: D:11 (give +7 demon blade)

Annotations:
D:3 1 exclusion
D:4 Pikel
D:10 exclusion: oklob sapling
D:11 1 exclusion


Message History

The white ugly thing trunk-slaps you but does no damage.
Unknown command.
Unknown command.
Unknown command.
You closely miss the white ugly thing.
The white ugly thing is heavily wounded.
The white ugly thing misses you.
The white ugly thing trunk-slaps you but does no damage.
Unknown command.
Casting: Statue Form (dangerous; 10% risk of failure)
Confirm with . or Enter, or press ? or * to list all spells.
Aiming: Iron Shot (dangerous; 1% risk of failure)
Press: ? - help, Shift-Dir - straight line, f/p - white ugly thing
Aim: a white ugly thing (heavily wounded)
The iron shot hits the white ugly thing!!
The white ugly thing is almost dead.
The white ugly thing trunk-slaps you!
* * * LOW HITPOINT WARNING * * *
The white ugly thing freezes you!!
You die...

....... .......######
......c#....#
.......#....# ....D...5≈≈
.......#....# .......).≈≈
.......#....#......u.....
.......#8####........≈...
.....c.u.................
......^..................
.########................
#......... #D<..
#.#######. #.W.. #.#
#.... ##.# #.h.. #..#
.....


You could see a white ugly thing and a centaur.

Vanquished Creatures
  Snorg (D:10)
  Erolcha (D:9)
  A two-headed ogre (D:11)
  Urug (D:10)
  An unseen horror (D:10)
  An ugly thing (D:11)
  A cyclops (D:11)
  A manticore (D:11)
  2 kobold demonologists (Bailey)
  3 trolls
  A merfolk (D:10)
  Prince Ribbit (D:6)
  2 hippogriffs (D:10)
  Sigmund (D:3)
  A wyvern (D:11)
  A wraith (D:10)
  17 yaks
  Eustachio (D:6)
  A hungry ghost (D:11)
  A steam dragon (D:11)
  An acid dragon (D:11)
  2 water moccasins
  Duvessa (D:6)
  2 sky beasts
  2 phantoms (D:4)
  A swamp drake (D:9)
  17 orc warriors
  2 black bears
  2 slaves (D:3)
  An eye of draining (D:10)
  A necrophage (D:9)
  2 ogres
  3 centaurs
  A crocodile (D:7)
  4 big kobolds
  A wyvern zombie (D:5)
  7 bullfrogs
  Dowan (D:6)
  3 scorpions
  8 killer bees (D:7)
  4 electric eels (Bailey)
  6 crimson imps
  A centaur zombie (D:8)
  4 hounds
  A quasit (D:9)
  2 jellies
  12 orc wizards
  6 orc priests
  A bullfrog skeleton (D:9)
  4 iguanas
  Natasha (twice) (D:2)
  8 worker ants
  A hound skeleton (D:9)
  A howler monkey zombie (D:8)
  16 gnolls
  16 adders
  3 shadow imps
  3 oozes (Sewer)
  2 adder skeletons
  3 dart slugs
  8 leopard geckos
  62 orcs
  4 giant cockroaches
  27 goblins
  11 hobgoblins
  30 jackals
  3 quokkas
  9 ball pythons
  10 bats
  8 frilled lizards
  20 kobolds
  A quokka skeleton (D:6)
  A quokka zombie (D:5)
  8 rats
  A plant (D:10)
401 creatures vanquished.

Vanquished Creatures (others)
  A bush (D:10)
  3 plants (D:10)
4 creatures vanquished.

Grand Total: 405 creatures vanquished

Notes
Turn   | Place    | Note
-------+----------+-------------------------------------------
     0 | D:1      | protoss039 the Deep Elf Earth Elementalist began the quest
                  | for the Orb.
     0 | D:1      | Reached XP level 1. HP: 10/10 MP: 6/6
   157 | D:1      | Reached XP level 2. HP: 8/15 MP: 0/8
   750 | D:1      | Reached XP level 3. HP: 15/19 MP: 5/10
  1558 | D:2      | Found a burning altar of Makhleb.
  1717 | D:2      | Noticed Natasha
  1723 | D:2      | Killed Natasha
  1723 | D:2      | Reached skill level 4 in Spellcasting
  1723 | D:2      | Reached XP level 4. HP: 14/24 MP: 7/12
  1856 | D:2      | Noticed Natasha
  1863 | D:2      | Killed Natasha
  2169 | D:3      | Found a bloodstained altar of Trog.
  2279 | D:3      | Learned a level 2 spell: Passwall
  2301 | D:3      | Reached skill level 5 in Earth Magic
  2478 | D:3      | Reached skill level 5 in Spellcasting
  2496 | D:3      | Reached XP level 5. HP: 28/28 MP: 9/14
  2564 | D:3      | Found an opulent altar of Gozag.
  2602 | D:3      | Noticed Sigmund
  2635 | D:3      | Killed Sigmund
  2635 | D:3      | Reached skill level 6 in Spellcasting
  2635 | D:3      | Reached XP level 6. HP: 18/32 MP: 0/17
  2652 | D:3      | Found a glowing drain.
  2657 | Sewer    | Entered a sewer
  3107 | Sewer    | Reached skill level 7 in Spellcasting
  3214 | Sewer    | Reached XP level 7. HP: 36/36 MP: 14/19
  3238 | Sewer    | Learned a level 3 spell: Stone Arrow
  4371 | D:4      | Noticed Pikel
  4882 | D:4      | Found a bloodstained altar of Trog.
  5057 | D:4      | Reached skill level 8 in Spellcasting
  5333 | D:4      | Reached skill level 1 in Conjurations
  5495 | D:4      | Found a shimmering blue altar of Sif Muna.
  5565 | D:5      | Entered Level 5 of the Dungeon
  5731 | D:5      | Reached XP level 8. HP: 29/41 MP: 13/22
  5827 | D:5      | Reached skill level 9 in Spellcasting
  6419 | D:5      | Learned a level 4 spell: Petrify
  6425 | D:5      | Learned a level 5 spell: Lee's Rapid Deconstruction
  6546 | D:6      | Found an iron altar of Okawaru.
  6548 | D:6      | Noticed Eustachio
  6558 | D:6      | Killed Eustachio
  6592 | D:6      | Reached skill level 10 in Spellcasting
  6827 | D:6      | Noticed Prince Ribbit
  6829 | D:6      | Killed Prince Ribbit
  7081 | D:6      | Found a snail-covered altar of Cheibriados.
  7202 | D:6      | Found a sacrificial altar of Ru.
  7279 | D:6      | Noticed Duvessa
  7279 | D:6      | Noticed Dowan
  7284 | D:6      | Killed Dowan
  7502 | D:6      | Reached skill level 11 in Spellcasting
  7502 | D:6      | Reached XP level 9. HP: 45/45 MP: 14/26
  7503 | D:6      | Killed Duvessa
  7603 | D:6      | Found a blossoming altar of Fedhas.
  8232 | D:7      | Found a staircase to the Ecumenical Temple.
  8254 | Temple   | Entered the Ecumenical Temple
  8426 | Temple   | Became a worshipper of Vehumet
  8565 | D:7      | Reached skill level 10 in Earth Magic
  9077 | D:8      | Found a flagged portal.
  9138 | Bailey   | Entered a bailey
  9158 | Bailey   | Reached skill level 12 in Spellcasting
  9270 | Bailey   | Found an iron altar of Okawaru.
  9270 | Bailey   | Noticed a kobold demonologist
  9270 | Bailey   | Noticed a kobold demonologist
  9282 | Bailey   | Killed a kobold demonologist
  9282 | Bailey   | Killed a kobold demonologist
  9446 | Bailey   | Reached XP level 10. HP: 44/50 MP: 15/28
  9446 | Bailey   | Reached * piety under Vehumet
  9446 | Bailey   | Offered knowledge of Freeze by Vehumet.
  9446 | Bailey   | Reached skill level 13 in Spellcasting
 10007 | Bailey   | Noticed an orc knight
 10118 | Bailey   | Identified the +8 glaive "Icuruoci" {freeze, rF+ Str+2
                  | Int+2 Dex+3}
 10378 | D:8      | Found a basalt altar of Yredelemnul.
 10527 | D:8      | Found a shimmering altar of Xom.
 11196 | D:8      | Found a sparkling altar of Nemelex Xobeh.
 12057 | D:9      | Reached ** piety under Vehumet
 12057 | D:9      | Offered knowledge of Searing Ray by Vehumet.
 12073 | D:9      | Found a staircase to the Orcish Mines.
 12094 | D:9      | Noticed Erolcha
 12936 | D:9      | Killed Erolcha
 12936 | D:9      | Reached skill level 14 in Spellcasting
 13403 | D:9      | Reached XP level 11. HP: 11/54 MP: 19/31
 13657 | D:9      | Found a shattered altar of Ashenzari.
 13772 | D:9      | Found a basalt altar of Yredelemnul.
 14115 | D:10     | Entered Level 10 of the Dungeon
 14313 | D:10     | Offered knowledge of Dazzling Flash by Vehumet.
 14379 | D:10     | Killed an unseen horror
 14727 | D:10     | Reached *** piety under Vehumet
 14904 | D:10     | Reached skill level 15 in Spellcasting
 15135 | D:10     | Noticed Urug
 15139 | D:10     | Killed Urug
 15139 | D:10     | Reached skill level 1 in Fighting
 15221 | D:10     | Found a staircase to the Lair.
 15469 | D:10     | Noticed Snorg
 15481 | D:10     | Killed Snorg
 15483 | D:10     | Offered knowledge of Fulminant Prism by Vehumet.
 15811 | D:10     | Found a blossoming altar of Fedhas.
 15981 | D:11     | Found a portal to a secret trove of treasure.
 16032 | D:11     | Noticed a two-headed ogre
 16038 | D:11     | Killed a two-headed ogre
 16357 | D:11     | Noticed a purple ugly thing
 16367 | D:11     | Killed a purple ugly thing
 16367 | D:11     | Reached skill level 16 in Spellcasting
 16479 | D:11     | Reached XP level 12. HP: 62/62 MP: 34/34
 16911 | D:11     | Reached skill level 1 in Polearms
 16911 | D:11     | Reached **** piety under Vehumet
 17001 | D:11     | Found Tuifiass's Book Boutique.
 17024 | D:11     | Bought a book of the Earth for 845 gold pieces
 17031 | D:11     | Learned a level 6 spell: Statue Form
 17038 | D:11     | Learned a level 6 spell: Iron Shot
 17048 | D:11     | Learned a level 9 spell: Shatter
 17073 | D:12     | Noticed a six-headed hydra
 17256 | D:12     | Offered knowledge of Mephitic Cloud by Vehumet.
 17416 | D:12     | Slain by a white ugly thing

Illustrated notes

Levels and vault maps discovered:
D:1:      elethiomel_arrival_maze, layout_loops_ring, serial_bayou_crossing
D:2:      layout_basic, lemuel_coloured_pillars_altar, hex_large, uniq_natasha
D:3:      minmay_evil_eye, layout_loops_corners, marbit_many_paths,
          lemuel_round_altar, portal_sewer_entry_e, serial_glass,
          glass_columns_a, glass_columns_a, item_on_display_a,
          due_unseen_surprise, kennysheep_generic_room_3, uniq_sigmund
D:4:      layout_gridville, lemuel_blue_sif_altar, roderic_roman_lattice,
          trog_hazing_becter, uniq_pikel
D:5:      layout_rooms, first_ration, solitary_fountain
D:6:      layout_basic, kennysheep_mini, kennysheep_slug_shrine, basic_altar,
          nicolae_ru_path_of_blood, uniq_eustachio, uniq_prince_ribbit1,
          uniq_duvessa
D:7:      layout_basic, minmay_temple_entry_junction, serial_glass,
          glass_columns_a, glass_columns_a, glass_columns_a, glass_columns_b,
          glass_columns_c, glass_columns_a
D:8:      layout_layer_cave, nemelex_xobeh_ov_fountains_minmay, xom_butterflies,
          lightli_bailey_entry_fortress, basic_altar
D:9:      layout_big_octagon, nicolae_overflow_hidden_temple,
          yredelemnul_altar_generic, erik_orc_1, uniq_erolcha
D:10:     layout_loops_ring, lair_entry_dummy, hangedman_fish_farm,
          roderic_lattice_a, introduction_to_nature_2, uniq_urug, uniq_snorg
D:11:     layout_gridville, enter_trove_2, serial_shops, shop,
          kennysheep_nondescript
D:12:     minmay_blocky_corners, layout_irregular_city, skrybe_limestone_x
Temple:   hc_temple_tempest_star

Skill      XL: |  1  2  3  4  5  6  7  8  9 10 11 12 |
---------------+-------------------------------------+-----
Earth Magic    | 4 5 6 7 9 11 12 14 | 14.5
Spellcasting   | 4 5 6 7 8 11 12 14 16 | 16.3
Conjurations   | 1 2 3 4 |  4.5
Transmutations | 2 |  2.5
Fighting       | 2 |  2.3
Polearms       | 1 |  1.1
Short Blades   | |  0.3
Dodging        | |  2.4
Stealth        | |  2.4

Action                   |  1- 3 |  4- 6 |  7- 9 | 10-12 || total
-------------------------+-------+-------+-------+-------++-------
Melee: Unarmed           |     7 |       |       |       ||     7
       Dagger            |    59 |       |       |       ||    59
       Short sword       |       |     5 |    14 |       ||    19
       Glaive            |       |       |       |    96 ||    96
 Cast: Sandblast         |    41 |    86 |    59 |    34 ||   220
       Passwall          |       |     1 |       |     2 ||     3
       Stone Arrow       |       |       |   108 |    90 ||   198
       Lee's Rapid Decon |       |       |    27 |   101 ||   128
       Petrify           |       |       |     1 |     9 ||    10
       Iron Shot         |       |       |       |     7 ||     7
       Statue Form       |       |       |       |     1 ||     1
  Use: Potion            |       |     2 |       |     5 ||     7
       Scroll            |       |       |    11 |     6 ||    17
 Stab: Sleeping          |     4 |       |       |     1 ||     5
       Distracted        |       |       |       |     1 ||     1
  Eat: Chunk             |     2 |     4 |    20 |    24 ||    50
       Ration            |       |       |     1 |     1 ||     2
Armor: Robe              |    28 |     9 |     9 |    35 ||    81
       Skin              |       |       |       |     6 ||     6
       Acid dragon scale |       |       |       |    12 ||    12
Dodge: Dodged            |    67 |    43 |    47 |   105 ||   262
       Repelled          |       |       |    10 |    11 ||    21
